 Dungeon Crawl Stone Soup version 0.28-a0-472-g50180c0d78 (console) character file.

Game seed: 16645924172937961224

19196 Morrissey the Protected (level 12, -1/76 HPs)
             Began as a Gargoyle Fighter on Sept 15, 2021.
             Was a High Priest of Okawaru.
             Incinerated by a smoke demon (4 damage)
             ... with a sticky flame
             ... in a volcano.
             The game lasted 00:20:36 (12819 turns).

Morrissey the Protected (Gargoyle Fighter)         Turns: 12819, Time: 00:20:36

Health: -1/76      AC: 30    Str: 26    XL:     12   Next: 66%
Magic:  13/17      EV: 10    Int:  8    God:    Okawaru [*****.]
Gold:   388        SH: 12    Dex:  9    Spells: 11/11 levels left

rFire   . . .      SeeInvis +   a - +2 flail (venom)
rCold   . . .      Faith    .   p - +0 kite shield
rNeg    + + .      Spirit   .   B - +4 chain mail {rPois}
rPois   ∞          Reflect  .   (no helmet)
rElec   +          Harm     .   j - +0 cloak
rCorr   .          Rampage  .   (no gloves)
Will    .....                   P - +0 pair of boots {Stlth+}
Stlth   ..........              C - amulet of regeneration
HPRegen 1.22/turn               u - ring of see invisible
MPRegen 0.15/turn               y - ring of positive energy

@: on fire, heroic, glowing
A: sickness immunity, AC +8, negative energy resistance 1, electricity
resistance, torment resistance 1, petrification resistance
a: Renounce Religion, Heroism, Finesse, Duel


You were in a volcano.
You worshipped Okawaru.
Okawaru was extremely pleased with you.
You visited 3 branches of the dungeon, and saw 15 of its levels.
You also visited: Volcano.

You collected 808 gold pieces.
You spent 420 gold pieces at shops.

Inventory:

Hand Weapons
 a - a +2 flail of venom (weapon)
 b - a +0 vorpal flail
 L - a +2 whip of freezing
Missiles
 v - 2 throwing nets (quivered)
Armour
 j - a +0 cloak (worn)
 p - a +0 kite shield (worn)
 B - a +4 chain mail of poison resistance (worn)
 K - a scarf of invisibility
 P - a +0 pair of boots of stealth (worn)
Magical Staves
 n - a staff of conjuration
Jewellery
 u - a ring of see invisible (left hand)
 y - a ring of positive energy (right hand)
 C - an amulet of regeneration (around neck)
 F - an amulet of magic regeneration
 I - an amulet of the acrobat
 M - a +6 ring of strength
 N - an amulet of faith
Wands
 z - a wand of polymorph (12)
 A - a wand of acid (5)
 O - a wand of mindburst (19)
Scrolls
 e - 2 scrolls of blinking {unknown}
 f - 4 scrolls of teleportation
 i - 2 scrolls of vulnerability {unknown}
 k - 5 scrolls of noise {unknown}
 m - 2 scrolls of enchant weapon {unknown}
 r - 2 scrolls of fog {unknown}
 s - a scroll of fear {unknown}
 x - 5 scrolls of enchant armour {unknown}
 D - 2 scrolls of magic mapping {unknown}
 G - a scroll of summoning {unknown}
 H - a scroll of amnesia {unknown}
Potions
 c - 2 potions of attraction
 d - 4 potions of mutation
 g - 2 potions of brilliance
 h - 2 potions of degeneration
 l - 2 potions of ambrosia
 o - 2 potions of cancellation
 q - a potion of invisibility
 w - 7 potions of curing
 E - a potion of flight
Miscellaneous
 J - a piece from Xom's chessboard (15/15)


   Skills:
 + Level 9.5(14.5) Fighting
 * Level 11.5(16.5) Maces & Flails
 * Level 12.5(17.5) Armour
 + Level 9.4(14.4) Shields
 + Level 6.9 Invocations


You had 11 spell levels left.
You didn't know any spells.
Your spell library contained the following spells:

 Spells                   Type           Power      Damage    Failure   Level
 Pain                     Necr           0%         1d4       85%         1
 Corpse Rot               Necr/Air       N/A        N/A       94%         2
 Poisonous Vapours        Pois/Air       0%         N/A       94%         2
 Gell's Gravitas          Tloc           0%         N/A       99%         3
 Lesser Beckoning         Tloc           0%         N/A       99%         3
 Ozocubu's Armour         Ice            0%         N/A       99%         3
 Teleport Other           Tloc           0%         N/A       99%         3
 Vampiric Draining        Necr           0%         2d6       99%         3
 Dispel Undead            Necr           0%         3d6       100%        4
 Metabolic Englaciation   Hex/Ice        0%         N/A       100%        5
 Animate Skeleton         Necr           Unusable   N/A       N/A         1
 Death Channel            Necr           Unusable   N/A       N/A         6
 Simulacrum               Ice/Necr       Unusable   N/A       N/A         6

Dungeon Overview and Level Annotations

Branches:
Dungeon (12/15)            Temple (1/1) D:5            Lair (2/6) D:10
    Orc (0/2) D:10        Volcano (1/1)
  Swamp: Lair:2-4    Shoals: Lair:2-4     Snake: Lair:2-4    Spider: Lair:2-4

Altars:
Ashenzari
Cheibriados
Dithmenos
Elyvilon
Fedhas
Gozag
Hepliaklqana
Kikubaaqudgha
Makhleb
Nemelex Xobeh
Okawaru
Ru
Trog
Vehumet
Xom
Yredelemnul
The Shining One
Beogh

Shops:
D:8 =[(

Portals:
Trove: D:10 (give +3 shadow dragon scales)

Annotations:
D:8 2 transporters


Innate Abilities, Weirdness & Mutations

You are immune to sickness and miasma.
Your stone body is resilient. (AC +8)
You are immune to poison.
You resist negative energy. (rN+)
You are resistant to electric shocks. (rElec)
You are resistant to unholy torment.
You are immune to petrification.


Message History

You are covered in liquid flames!
* * * LOW HITPOINT WARNING * * *
The smoke demon roars!
The smoke demon gestures at you. Something smites you!
* * * LOW HITPOINT WARNING * * *
The smoke demon gestures at you. The ball of steam misses you.
Okay, then.
You feel much better.
You are engulfed in a cloud of scalding steam.
You are covered in liquid flames!
* * * LOW HITPOINT WARNING * * *
You are no longer on fire.
Your hands slow down.
You kill the smoke demon!
Okawaru accepts your kill.
As you read the scroll of teleportation, it crumbles to dust.
You feel strangely unstable.
You are engulfed in a cloud of scalding steam.
The smoke demon closely misses you. x2; You block the smoke demon's attack.
The smoke demon gestures at you. The sticky flame hits you.
You are covered in liquid flames!
* * * LOW HITPOINT WARNING * * *
You are covered in liquid flames!
* * * LOW HITPOINT WARNING * * *
The smoke demon gestures at you. Something smites you!
* * * LOW HITPOINT WARNING * * *
You feel better.
You are covered in liquid flames!
* * * LOW HITPOINT WARNING * * *
The smoke demon gestures at you.
The sticky flame hits you but does no damage.
You are covered in liquid flames!
You are covered in liquid flames!
* * * LOW HITPOINT WARNING * * *
Your surroundings suddenly seem different.
You are covered in liquid flames!
You die...

##.......#§....##
##......####....#
##......## .....#
#....§≈## #§.§§.#
#.....§# ##§....#
#.....§#####...§.
#......§.......#
#≈.............#
#.....§.#.....@#
##......#.....##
.......≈.....#
......###...§.#
##§§...# #§....#
..§.## ##.§# ..§


There were no monsters in sight!

Vanquished Creatures
  A boulder beetle (D:11)
  A hydra (D:11)
  A centaur warrior (D:10)
  A two-headed ogre (D:9)
  Urug (Lair:1)
  Nergalle (Lair:2)
  Pikel (D:7)
  An ugly thing (D:9)
  2 black mambas (Lair:2)
  A gargoyle (D:11)
  A smoke demon (Volcano)
  Maggie (D:7)
  5 cane toads
  A rime drake (Lair:2)
  Psyche (D:9)
  2 komodo dragons
  2 trolls
  A hornet (D:8)
  Prince Ribbit (D:6)
  Grinder (D:6)
  6 blink frogs (Lair:2)
  A meliai zombie (D:11)
  Sigmund (D:6)
  2 shadows
  2 wyverns
  2 wraiths
  15 yaks
  A basilisk (Lair:1)
  4 steam dragons
  2 hell hounds (Volcano)
  6 water moccasins
  3 orc warriors
  Duvessa (D:6)
  A hornet zombie (D:6)
  A sky beast (D:3)
  2 ogres
  2 kobold brigands
  7 bullfrogs
  A wyvern zombie (D:6)
  A gnoll sergeant (D:6)
  Dowan (D:6)
  A water moccasin zombie (D:5)
  A water moccasin skeleton (D:5)
  4 killer bees (D:9)
  2 electric eels (Lair:1)
  2 howler monkeys
  3 centaur zombies
  A bullfrog zombie (D:5)
  2 hounds
  8 orc priests
  A centaur skeleton (D:4)
  2 jellies (D:6)
  2 gnoll shamans
  4 orc wizards
  3 iguanas
  A hound zombie (D:5)
  2 hound skeletons
  A howler monkey zombie (D:9)
  12 gnolls
  7 adders
  An ufetubus (D:7)
  A worm (D:4)
  6 dart slugs
  40 orcs
  6 ball pythons
  2 endoplasms
  2 giant cockroaches (D:1)
  10 goblins
  4 hobgoblins
  2 jackals (D:1)
  16 kobolds
  6 quokkas
  5 bats
  3 frilled lizards
  A rat (D:2)
253 creatures vanquished.

Vanquished Creatures (others)
  A butterfly (D:5)
  3 fungi (Lair:2)
  3 plants (Lair:2)
7 creatures vanquished.

Grand Total: 260 creatures vanquished

Notes
Turn   | Place    | Note
-------+----------+-------------------------------------------
     0 | D:1      | Morrissey the Gargoyle Fighter began the quest for the Orb.
     0 | D:1      | Reached XP level 1. HP: 14/14 MP: 1/1
   267 | D:1      | Reached XP level 2. HP: 17/19 MP: 2/2
   289 | D:1      | Reached XP level 3. HP: 8/23 MP: 3/3
  1086 | D:1      | Found a faded altar of an unknown god.
  1381 | D:2      | Reached skill level 4 in Armour
  1381 | D:2      | Reached XP level 4. HP: 21/29 MP: 4/4
  2224 | D:3      | Reached XP level 5. HP: 3/33 MP: 5/5
  2530 | D:3      | Noticed a sky beast
  2552 | D:3      | Killed a sky beast
  2776 | D:3      | Reached XP level 6. HP: 33/38 MP: 6/6
  3214 | D:4      | Reached skill level 5 in Armour
  3809 | D:4      | Reached XP level 7. HP: 39/44 MP: 7/7
  4709 | D:5      | Entered Level 5 of the Dungeon
  4991 | D:5      | Found a staircase to the Ecumenical Temple.
  5005 | D:5      | Reached skill level 5 in Maces & Flails
  5005 | D:5      | Reached skill level 6 in Armour
  5213 | D:5      | Reached skill level 5 in Fighting
  5229 | D:5      | Found a white marble altar of Elyvilon.
  5288 | D:5      | Reached skill level 5 in Shields
  5297 | D:5      | Reached XP level 8. HP: 19/49 MP: 8/8
  5682 | Temple   | Entered the Ecumenical Temple
  5862 | Temple   | Became a worshipper of Warmaster Okawaru
  6721 | D:6      | Reached skill level 7 in Armour
  6828 | D:6      | Noticed Sigmund
  6840 | D:6      | Noticed Grinder
  6843 | D:6      | Paralysed by Grinder for 7 turns
  6941 | D:6      | Paralysed by Grinder for 6 turns
  6951 | D:6      | Paralysed by Grinder for 5 turns
  6956 | D:6      | Killed Grinder
  7001 | D:6      | Reached * piety under Okawaru
  7065 | D:6      | Killed Sigmund
  7066 | D:6      | Reached XP level 9. HP: 55/55 MP: 9/9
  7186 | D:6      | Noticed Duvessa
  7197 | D:6      | Noticed Dowan
  7201 | D:6      | Killed Duvessa
  7202 | D:6      | Reached skill level 8 in Armour
  7214 | D:6      | Killed Dowan
  7538 | D:6      | Noticed Prince Ribbit
  7549 | D:6      | Killed Prince Ribbit
  7549 | D:6      | Reached ** piety under Okawaru
  7768 | D:7      | Noticed Maggie
  7782 | D:7      | Killed Maggie
  7783 | D:7      | Reached skill level 1 in Invocations
  8199 | D:7      | Noticed Pikel
  8210 | D:7      | Killed Pikel
  8210 | D:7      | Reached *** piety under Okawaru
  8211 | D:7      | Reached skill level 9 in Armour
  8723 | D:8      | Reached XP level 10. HP: 61/61 MP: 11/11
  8723 | D:8      | Found a transporter.
  8748 | D:8      | Found a transporter.
  8876 | D:8      | Found Bybin's Jewellery Emporium.
  8884 | D:8      | Bought an amulet of regeneration for 420 gold pieces
  8947 | D:8      | Noticed a kobold demonologist
  8947 | D:8      | Noticed an orc high priest
  9169 | D:8      | Found Rainayll's Armour Shop.
  9202 | D:8      | Found Weirch's Antique Weapon Boutique.
  9338 | D:9      | Noticed a cyan ugly thing
  9353 | D:9      | Killed a cyan ugly thing
  9381 | D:9      | Noticed Psyche
  9407 | D:9      | Received a gift from Okawaru
  9414 | D:9      | Reached **** piety under Okawaru
  9423 | D:9      | Killed Psyche
  9451 | D:9      | Reached skill level 10 in Armour
  9656 | D:9      | Reached ***** piety under Okawaru
  9659 | D:9      | Noticed a two-headed ogre
  9698 | D:9      | Killed a two-headed ogre
  9699 | D:9      | Reached XP level 11. HP: 49/68 MP: 14/14
  9721 | D:9      | Received a gift from Okawaru
  9859 | D:10     | Entered Level 10 of the Dungeon
 10027 | D:10     | Found a staircase to the Lair.
 10103 | D:10     | Found a portal to a secret trove of treasure.
 10339 | D:10     | Found a staircase to the Orcish Mines.
 10525 | D:10     | Noticed a centaur warrior
 10535 | D:10     | Killed a centaur warrior
 10536 | D:10     | Reached skill level 5 in Invocations
 10727 | D:11     | Noticed a boulder beetle
 10740 | D:11     | Killed a boulder beetle
 10741 | D:11     | Reached skill level 10 in Maces & Flails
 10741 | D:11     | Reached skill level 11 in Armour
 10895 | D:11     | You fall into a shaft and drop 1 floor!
 10907 | D:12     | Noticed a white ugly thing
 10923 | D:12     | Noticed a white ugly thing
 10983 | D:11     | Noticed a four-headed hydra
 11001 | D:11     | Killed a four-headed hydra
 11418 | Lair:1   | Entered Level 1 of the Lair of Beasts
 11507 | Lair:1   | Reached XP level 12. HP: 54/75 MP: 16/16
 11602 | Lair:1   | Found a shimmering altar of Xom.
 11925 | Lair:1   | Noticed Urug
 11941 | Lair:1   | Killed Urug
 12161 | Lair:2   | Noticed Nergalle
 12176 | Lair:2   | Killed Nergalle
 12177 | Lair:2   | Reached skill level 12 in Armour
 12382 | Lair:2   | Received a gift from Okawaru
 12597 | Lair:2   | Received a gift from Okawaru
 12676 | Lair:2   | Found a dark tunnel.
 12684 | Volcano  | Entered a volcano
 12812 | Volcano  | HP: 1/76 [smoke demon/divine providence (14)]
 12818 | Volcano  | HP: 1/76 [burnt (5)]
 12819 | Volcano  | Incinerated by a smoke demon

Illustrated notes

Levels and vault maps discovered:
D:1:      dpeg_arrival_solitude, layout_basic, serial_curves, eino_curves_02,
          eino_curves_03, hellmonk_ecumenical_altar_defaced_shrine,
          minmay_nonomino_d4
D:2:      wad_lake_hut, layout_rooms, minmay_misc_feat_rugged
D:3:      layout_basic, serial_bayou_pond_e, dk_noncrumbling_2
D:4:      layout_layer_cave, roderic_lattice_a
D:5:      layout_rooms, nicolae_elyvilon_peaceful_grove,
          minmay_temple_entry_arrows
D:6:      layout_cave_pools, nrook_pool_corridor, uniq_sigmund, uniq_grinder,
          uniq_prince_ribbit1, uniq_duvessa
D:7:      layout_layer_cave, grunt_decor_arrowhead, uniq_pikel, uniq_maggie
D:8:      gammafunk_wand_slinger, layout_cave_pools, serial_shops,
          shop_fountains, kennysheep_mini, nicolae_diamond_shop,
          hangedman_abyss_or_decor_lesser_grid
D:9:      layout_rooms, uniq_psyche
D:10:     layout_loops_ring, lair_entry_dummy, hiddenorc1_lemuel, enter_trove_2
D:11:     layout_roguey
D:12:     layout_basic, serial_glass, glass_columns_b, glass_columns_b
Temple:   grunt_wide_crystal_templ
Lair:1:   layout_layer_cave, basic_altar, serial_bayou_shore_a, uniq_urug
Lair:2:   layout_gridlike, serial_rivers, chequers_serial_rivers_large_b,
          chequers_serial_rivers_large_a, chequers_serial_rivers_micro_a,
          chequers_serial_rivers_small_a, chequers_serial_rivers_micro_d,
          chequers_serial_rivers_small_3, lightli_volcano_entry_magma_tube,
          serial_bayou_pond_c, st_stairs_12, nzn_random_ring, uniq_nergalle
Volcano:  hellmonk_smoking_crater

Skill      XL: |  1  2  3  4  5  6  7  8  9 10 11 12 |
---------------+-------------------------------------+-----
Armour         | 4 5 6 7 9 10 11 12 | 12.5
Maces & Flails | 3 4 5 6 8 9 10 11 | 11.5
Fighting       | 4 5 6 7 8 9 |  9.5
Shields        | 4 5 6 7 8 9 |  9.4
Invocations    | 2 4 5 6 |  6.9

Action                   |  1- 3 |  4- 6 |  7- 9 | 10-12 || total
-------------------------+-------+-------+-------+-------++-------
Melee: Flail             |   112 |   209 |   267 |   660 ||  1248
       Mace              |       |       |    53 |       ||    53
Throw: Throwing net      |       |       |     4 |       ||     4
Invok: Heroism           |       |       |       |     6 ||     6
       Finesse           |       |       |       |     5 ||     5
  Use: Potion            |       |     2 |       |     3 ||     5
       Scroll            |       |       |     8 |     6 ||    14
Armor: Scale mail        |    52 |   130 |   124 |       ||   306
       Chain mail        |       |       |    28 |   420 ||   448
       Skin              |       |       |     3 |       ||     3
Dodge: Dodged            |    58 |   112 |    97 |   218 ||   485
Block: Buckler           |    24 |    55 |    11 |       ||    90
       Kite shield       |       |       |   133 |   353 ||   486

Table legend: (Time is in decaauts)
 A = Elapsed time spent in this place.
 B = Non-inter-level travel time spent in this place.
 C = Inter-level travel time spent in this place.
 D = Time resting spent in this place.
 E = Time spent auto-exploring this place.
 F = Levels seen in this place.
 G = Mean time per level.
                   A        B        C        D        E       F      G
               +--------+--------+--------+--------+--------+-----+--------+
         Total |  13003 |  12564 |    439 |   1737 |   8032 |  16 |  812.7 |
       Dungeon |  11446 |  11040 |    406 |   1717 |   6972 |  12 |  953.8 |
        Temple |    189 |    180 |      9 |      0 |    163 |   1 |  189.0 |
          Lair |   1241 |   1218 |     23 |     20 |    897 |   2 |  620.5 |
       Volcano |    125 |    125 |      0 |      0 |      0 |   1 |  125.0 |
               +--------+--------+--------+--------+--------+-----+--------+

Top non-repeatable levels by time:
     D:6: 1638 daAuts
     D:4: 1552 daAuts
     D:5: 1337 daAuts
     D:1: 1295 daAuts
     D:3: 1195 daAuts
     D:7: 915 daAuts
     D:2: 793 daAuts
    D:10: 789 daAuts
  Lair:1: 751 daAuts
    D:11: 713 daAuts
     D:8: 597 daAuts
     D:9: 562 daAuts
  Lair:2: 490 daAuts
  Temple: 189 daAuts
 Volcano: 125 daAuts
